 Dungeon Crawl Stone Soup version 0.30-b1-2-g02819fbbbe (webtiles) character file.

Game seed: 3677811853309185043

6234 Borgoz the Basher (level 10, -2/66 HPs)
             Began as a Gargoyle Berserker on June 22, 2023.
             Was an Elder of Trog.
             Slain by a blink frog (5 damage)
             ... on level 9 of the Dungeon.
             The game lasted 00:15:24 (9202 turns).

Borgoz the Basher (Gargoyle Berserker)              Turns: 9202, Time: 00:15:25

Health: -2/66      AC: 26    Str: 22    XL:     10   Next: 92%
Magic:  0/10       EV: 11    Int:  7    God:    Trog [****..]
Gold:   597        SH:  0    Dex: 13    Spells: 9/9 levels left

rFire   . . .        s - +0 flail
rCold   . . .        (no shield)
rNeg    + . .        c - +0 chain mail
rPois   ∞            i - +0 helmet
rElec   +            x - +0 cloak
rCorr   .            (no gloves)
SInv    .            b - +0 pair of boots
Will    ++...        n - amulet of guardian spirit Stlth
                     D - +4 ring of protection
HPRegen 1.31/turn    (no ring)
MPRegen 0.12/turn

%: guardian spirit
@: strong-willed, on berserk cooldown, regenerating, slowed, very slow
A: sickness immunity, AC +7, negative energy resistance 1, electricity
resistance, torment resistance 1, petrification resistance
a: Renounce Religion, Berserk, Trog's Hand, Brothers in Arms


You were on level 9 of the Dungeon.
You worshipped Trog.
Trog was greatly pleased with you.
You visited 2 branches of the dungeon, and saw 10 of its levels.

You collected 597 gold pieces.

Inventory:

Hand Weapons
 s - a +0 flail (weapon)
Missiles
 o - 45 poisoned darts (quivered)
 p - 5 javelins
 F - 2 curare-tipped darts
Armour
 b - a +0 pair of boots (worn)
 c - a +0 chain mail (worn)
 i - a +0 helmet (worn)
 x - a +0 cloak (worn)
 B - the +4 buckler of Xaickupsa {rElec Will- Str+6 Dex-3}
   (You found it on level 7 of the Dungeon)

   Str:       It affects your strength (+6).
   Dex:       It affects your dexterity (-3).
   rElec:     It insulates you from electricity.
   Will:      It decreases your willpower.
Jewellery
 n - an amulet of guardian spirit (around neck)
 r - a ring of ice
 A - an amulet of the acrobat
 D - a +4 ring of protection (left hand)
Wands
 G - a wand of iceblast (1)
 I - a wand of flame (23)
Scrolls
 a - 4 scrolls of amnesia {unknown}
 e - 2 scrolls of poison {unknown}
 f - 2 scrolls of acquirement {unknown}
 h - 6 scrolls of teleportation {unknown}
 j - 4 scrolls of enchant weapon {unknown}
 k - 2 scrolls of enchant armour {unknown}
 q - 2 scrolls of magic mapping {unknown}
 t - 2 scrolls of fear {unknown}
 u - 2 scrolls of fog {unknown}
 w - 2 scrolls of blinking {unknown}
 y - a scroll of immolation {unknown}
 C - a scroll of silence {unknown}
Potions
 g - 2 potions of mutation
 l - 3 potions of flight
 v - 3 potions of resistance
 z - 3 potions of curing
 E - a potion of might


   Skills:
 * Level 9.1 Fighting
 * Level 9.5 Maces & Flails
 * Level 8.8 Armour
 * Level 6.7 Dodging


You had 9 spell levels left.
You didn't know any spells.
Your spell library was empty.

Dungeon Overview and Level Annotations

Branches:
Dungeon (9/15)             Temple (0/1) D:6            Lair (1/5) D:9
    Orc: D:9-12

Altars:
Ashenzari
Elyvilon
Fedhas
Kikubaaqudgha
Vehumet
Wu Jian
Yredelemnul
Zin

Shops:
D:9 :


Innate Abilities, Weirdness & Mutations

You are immune to sickness and miasma.
Your stone body is resilient. (AC +7)
You are immune to poison.
You resist negative energy. (rN+)
You are resistant to electric shocks. (rElec)
You are resistant to unholy torment.
You are immune to petrification.


Message History

The blink frog blinks!
The blink frog hits you but does no damage.
You feel better.
The blink frog blinks!
The blink frog hits you but does no damage.
You feel better.
Your skin stops crawling.
You feel less strong-willed.
The blink frog hits you but does no damage.
The blink frog closely misses you. The blink frog barely misses you. x2
You sock the blink frog!
The blink frog is heavily wounded.
The blink frog barely misses you.
The blink frog hits you but does no damage.
The blink frog misses you.
You barely miss the blink frog.
The blink frog is heavily wounded.
The blink frog blinks!
The blink frog closely misses you.
The blink frog blinks!
The blink frog blinks! x2
Your skin crawls.
You feel strong-willed.
The blink frog blinks!
The blink frog misses you.
The blink frog hits you but does no damage.
The blink frog blinks!
You sock the blink frog!
The blink frog is severely wounded.
The blink frog barely misses you. The blink frog hits you!
* * * LOW HITPOINT WARNING * * *
You miss the blink frog.
The blink frog is severely wounded.
The blink frog hits you.
* * * LOW HITPOINT WARNING * * *
The blink frog closely misses you.
You hit the blink frog. Your punch misses the blink frog.
The blink frog is severely wounded.
The blink frog hits you!
* * * LOW HITPOINT WARNING * * *
The blink frog hits you but does no damage.
The blink frog hits you.
You die...

#.# ###.######## ##'##)≈..♣ #.#
##...P...P..####....)~P.. #.##
#.......P......+.)...PP♣♣
#..#####...P..PP.P...P.[....).).
##.##...P..............)....)..)
###.#...Pb......P.........)......
........P...P.........P.P...♣.♣P.
###..#.P.P.P....F........P..P.♣♣.
##.#.....P.P.F@.P....PP....PP♣♣
#(#....P...P.....P.......~~P..
#.#...P...P........PP.P..~~..♣
#........P.....P...PP...#...##
#####+##.......P...P.P..P.####+##
.......#.PP..P......P............
.......##.....P..P.P.P...........
.......####.P..PP......+.........
.......+.##...)P.P.P'..#.........


You could see 2 blink frogs.

Vanquished Creatures
  Maurice (D:9)
  Joseph (D:8)
  A komodo dragon (Lair:1)
  A blink frog (Lair:1)
  A wraith (D:9)
  4 yaks (D:9)
  A steam dragon (D:8)
  2 water moccasins
  2 sky beasts (D:7)
  2 black bears (D:9)
  4 orc warriors
  3 ogres
  A centaur (D:8)
  4 bullfrogs
  3 kobold brigands
  2 necrophages (D:5)
  A gnoll sergeant (D:9)
  A wyvern zombie (D:5)
  5 scorpions
  A water moccasin zombie (D:5)
  A wight (D:5)
  3 howler monkeys
  3 electric eels (D:5)
  2 bullfrog zombies (D:5)
  3 hounds
  A jelly (D:5)
  A human zombie (D:5)
  8 orc priests
  A gnoll bouda (D:9)
  2 iguanas
  7 orc wizards
  A hound zombie (D:5)
  A mummy (D:5)
  Robin (D:2)
  22 gnolls
  10 adders
  3 shadow imps
  A white imp (D:6)
  2 adder zombies (D:5)
  3 worms
  3 dart slugs
  58 orcs
  A bat (D:1)
  5 endoplasms
  3 giant cockroaches
  13 goblins
  16 hobgoblins
  4 jackals (D:1)
  6 quokkas
  12 ball pythons
  2 frilled lizards
  27 kobolds
  5 rats
272 creatures vanquished.

Vanquished Creatures (collateral kills)
  Maggie (D:9)
  A shadow (D:9)
2 creatures vanquished.

Vanquished Creatures (others)
  A kobold brigand (D:9)
  A bullfrog (D:9)
  3 kobolds (D:9)
  2 bushes (D:9)
  38 fungi
  23 plants
68 creatures vanquished.

Grand Total: 342 creatures vanquished

Notes
Turn   | Place    | Note
-------+----------+-------------------------------------------
     0 | D:1      | Borgoz the Gargoyle Berserker began the quest for the Orb.
     0 | D:1      | Reached XP level 1. HP: 14/14 MP: 1/1
   154 | D:1      | Reached XP level 2. HP: 16/19 MP: 2/2
   519 | D:1      | Found a faded altar of an unknown god.
   543 | D:1      | Reached XP level 3. HP: 18/23 MP: 3/3
   615 | D:1      | Reached ** piety under Trog
  1033 | D:2      | Noticed an ogre
  1044 | D:2      | Killed an ogre
  1045 | D:2      | Reached XP level 4. HP: 27/29 MP: 4/4
  1045 | D:2      | Reached XP level 5. HP: 31/33 MP: 5/5
  1117 | D:2      | Noticed Robin
  1153 | D:2      | Killed Robin
  2189 | D:3      | Found a broken altar of Ashenzari.
  2261 | D:3      | Reached XP level 6. HP: 29/38 MP: 2/6
  2566 | D:3      | You fall into a shaft and drop 1 floor!
  2628 | D:3      | Identified the +12 short sword of Ischylix {flame, Str-3
                  | Int+5 SInv}
  2668 | D:3      | Found the +0 toga "Victory" {*Victory Clar}
  2673 | D:3      | Reached *** piety under Trog
  2828 | D:3      | Found a blossoming altar of Fedhas.
  2845 | D:3      | Reached skill level 5 in Maces & Flails
  3233 | D:4      | Reached XP level 7. HP: 44/44 MP: 7/7
  3664 | D:5      | Entered Level 5 of the Dungeon
  3704 | D:5      | Reached skill level 5 in Fighting
  3812 | D:5      | HP: 2/44 [acid (6)]
  4108 | D:5      | Found a transporter.
  4130 | D:5      | Found a transporter.
  4185 | D:5      | Found a basalt altar of Yredelemnul.
  4658 | D:5      | Reached XP level 8. HP: 47/49 MP: 8/8
  4750 | D:5      | Found an ancient bone altar of Kikubaaqudgha.
  4805 | D:5      | Reached **** piety under Trog
  4806 | D:5      | Reached skill level 5 in Armour
  5946 | D:6      | Reached XP level 9. HP: 30/56 MP: 4/9
  6131 | D:6      | Found a staircase to the Ecumenical Temple.
  6465 | D:7      | Identified the +4 buckler of Xaickupsa {rElec Will- Str+6
                  | Dex-3}
  6809 | D:7      | Reached skill level 5 in Dodging
  7458 | D:8      | Noticed Joseph
  7486 | D:8      | Killed Joseph
  7792 | D:8      | Identified the +5 ring mail of Resonance {Int+4}
  7909 | D:9      | Reached XP level 10. HP: 43/64 MP: 7/10
  8070 | D:9      | Found Wysamuth's Self-Improvement Boutique.
  8086 | D:9      | Noticed Maurice
  8109 | D:9      | Killed Maurice
  8261 | D:9      | Noticed Maggie
  8279 | D:9      | Found a white marble altar of Elyvilon.
  8288 | D:9      | Killed Maggie
  8429 | D:9      | Found a staircase to the Lair.
  8619 | D:9      | Found a radiant altar of Vehumet.
  9003 | D:9      | Found a glowing silver altar of Zin.
  9003 | D:9      | Noticed an angel
  9098 | D:9      | Found an ornate altar of the Wu Jian Council.
  9145 | Lair:1   | Entered Level 1 of the Lair of Beasts
  9176 | Lair:1   | HP: 1/66 [komodo dragon (14)]
  9192 | D:9      | HP: 1/66 [blink frog (12)]
  9202 | D:9      | HP: 3/66 [blink frog (12)]
  9202 | D:9      | Slain by a blink frog

Illustrated notes

Levels and vault maps discovered:
D:1:      doesnt_arrival_eight_statues, layout_loops_ring,
          ebering_ecumenical_altar_hall, minmay_misc_feat_nine_boxes,
          corexii_hall_statues_s
D:2:      layout_basic, dreamdust_princess_bridge, minmay_small_reverse_x,
          uniq_robin
D:3:      layout_loops_corners, nicolae_ashenzari_panopticon, lemuel_round_altar
D:4:      layout_cave_pools
D:5:      gammafunk_steamed_eel, layout_loops_corners, kennysheep_mini,
          lemuel_mausoleum_altar_kikubaaqudgha, minmay_holes
D:6:      layout_loops_corners, minmay_temple_entry_drinking_statues,
          minmay_misc_feat_diagonals
D:7:      layout_cave_pools, serial_rivers, chequers_serial_rivers_room_b,
          chequers_serial_rivers_small_3, chequers_serial_rivers_micro_a,
          chequers_serial_rivers_small_a, chequers_serial_rivers_micro_d,
          chequers_serial_rivers_room_b
D:8:      layout_loops_ring, uniq_joseph
D:9:      layout_roguey [special_room_orc], pdpol_wu_jian_five_deadly_venoms,
          vehumet_altar_wand_db, zin_angel, nicolae_elyvilon_peaceful_grove,
          due_lair_maze_entry_diamond, nicolae_shop_self_help, uniq_maurice,
          uniq_maggie
Lair:1:   layout_cave_pods

Skill      XL: |  1  2  3  4  5  6  7  8  9 10 |
---------------+-------------------------------+-----
Dodging        | 2 3 4 5 6 |  6.7
Fighting       | 4 5 6 7 9 |  9.1
Maces & Flails | 4 5 6 7 8 9 |  9.5
Armour         | 3 4 5 7 8 |  8.8

Action                     |  1- 3 |  4- 6 |  7- 9 | 10-12 || total
---------------------------+-------+-------+-------+-------++-------
  Melee: Mace              |   119 |   139 |       |       ||   258
         Punch             |     1 |     1 |     6 |     7 ||    15
         Flail             |       |   109 |   592 |   292 ||   993
  Throw: Dart              |       |       |     4 |       ||     4
 Invoke: Berserk           |     1 |     2 |     2 |     2 ||     7
         Trog's Hand       |       |     1 |     5 |     7 ||    13
         Brothers in Arms  |       |       |     1 |     1 ||     2
  Evoke: Wand              |       |       |     2 |     1 ||     3
    Use: Scroll            |     1 |     2 |     5 |     1 ||     9
         Potion            |       |     1 |     1 |     8 ||    10
   Stab: Distracted        |       |     1 |       |       ||     1
 Armour: Chain mail        |    77 |   187 |   419 |   367 ||  1050
         Animal skin       |     5 |       |       |       ||     5
  Dodge: Dodged            |    39 |   132 |   306 |   309 ||   786
